 Dungeon Crawl Stone Soup version 0.29-a0-817-g9904bce7a6 (webtiles) character file.

Game seed: 17021228655747790446

3982 Gwenloh the Schismatic (level 10, 0/91 HPs)
             Began as a Hill Orc Abyssal Knight on July 1, 2022.
             Was an Elder of Lugonu.
             Killed from afar by an acid dragon (21 damage)
             ... with a splash of acid
             ... on level 8 of the Dungeon on July 6, 2022.
             The game lasted 00:29:48 (8713 turns).

Gwenloh the Schismatic (Hill Orc Abyssal Knight)    Turns: 8713, Time: 00:29:49

Health: 0/91       AC: 12    Str: 17    XL:     10   Next: 22%
Magic:  13/17      EV: 11    Int: 10    God:    Lugonu [****..]
Gold:   449        SH:  0    Dex: 15    Spells: 9/9 levels left

rFire   . . .      SeeInvis .   a - +2 battleaxe (drain)
rCold   + . .      Faith    .   (shield currently unavailable)
rNeg    . . .      Spirit   .   h - +4 ring mail {rC+}
rPois   +          Reflect  .   (no helmet)
rElec   .          Harm     .   B - +0 cloak {Stlth+}
rCorr   .          Rampage  .   (no gloves)
Will    .....                   (no boots)
Stlth   ++........              (no amulet)
HPRegen 0.25/turn               g - +4 ring of slaying
MPRegen 0.15/turn               f - ring of poison resistance

@: no status effects
A: no striking features
a: Renounce Religion, Depart the Abyss, Bend Space, Banish, Corrupt


You were on level 8 of the Dungeon.
You worshipped Lugonu.
Lugonu was greatly pleased with you.
You visited 1 branch of the dungeon, and saw 8 of its levels.
You visited the Abyss 1 time.
You also visited: Ossuary.

You collected 449 gold pieces.

Inventory:

Hand Weapons
 a - a +2 battleaxe of draining (weapon)
 b - a +0 shortbow
 p - a +1 hand axe of flaming
 s - a +2 vorpal trident
 v - a +2 flail of holy wrath
 O - a +0 sling
Missiles
 e - 55 stones
 w - 5 boomerangs
Armour
 h - a +4 ring mail of cold resistance (worn)
 B - a +0 cloak of stealth (worn)
Jewellery
 f - a ring of poison resistance (right hand)
 g - a +4 ring of slaying (left hand)
 t - a +6 ring of dexterity
 K - a ring of willpower
Wands
 y - a wand of paralysis (4)
 A - a wand of flame (4)
 G - a wand of mindburst (1)
Scrolls
 j - a scroll of amnesia {unknown}
 k - a scroll of noise
 l - 2 scrolls of silence
 n - 4 scrolls of blinking
 o - a scroll of brand weapon
 r - 4 scrolls of enchant armour
 u - 2 scrolls of immolation {unknown}
 x - 5 scrolls of fog {unknown}
 z - 2 scrolls of vulnerability {unknown}
 D - 2 scrolls of teleportation {unknown}
 E - a scroll of enchant weapon {unknown}
 J - 2 scrolls of torment
 L - a scroll of identify
 M - a scroll of magic mapping {unknown}
Potions
 c - a potion of magic
 d - 6 potions of lignification
 i - 5 potions of haste
 m - 4 potions of curing {unknown}
 C - a potion of brilliance {unknown}
 F - a potion of cancellation {unknown}
 H - a potion of attraction {unknown}
 I - 2 potions of heal wounds
 N - a potion of resistance {unknown}
 P - a potion of degeneration {unknown}
 Q - a potion of berserk rage {unknown}


   Skills:
 + Level 9.4 Fighting
 + Level 9.7 Axes
 + Level 8.2 Armour
 + Level 1.2 Dodging
 + Level 9.8 Invocations


You had 9 spell levels left.
You didn't know any spells.
Your spell library was empty.

Dungeon Overview and Level Annotations

Branches:
Dungeon (8/15)             Temple (0/1) D:6         Ossuary (visited)
   Lair: D:8-11

Altars:
Dithmenos
Elyvilon
Kikubaaqudgha
Makhleb
Okawaru
Qazlal
Uskayaw

Annotations:
Abyss:1 Maggie


Message History

You barely miss the acid dragon.
The acid dragon is moderately wounded.
The orc hits you from afar with a +0 trident.
The acid dragon bites you.
The acid dragon claws you but does no damage.
You closely miss the acid dragon.
The acid dragon is moderately wounded.
The orc hits you but does no damage. The acid dragon barely misses you.
The acid dragon claws you but does no damage.
You hit the acid dragon.
The acid dragon is heavily wounded.
The orc hits you from afar with a +0 trident.
The acid dragon spits acid at you. The splash of acid hits you!!
* * * LOW HITPOINT WARNING * * *
The orc hits you from afar with a +0 trident.
* * * LOW HITPOINT WARNING * * *
The acid dragon barely misses you. The acid dragon completely misses you.
Space bends violently around you!
You blink.
Maggie the Vainglorious comes into view.
She is wielding a +0 morningstar of flaming.
Found 17 gold pieces.
Maggie shouts!
Maggie mumbles some strange words.
Maggie attempts to bespell you!
You are mesmerised by Maggie!
You cannot move away from Maggie!
You cannot move away from Maggie!
Press: ? - help, Shift-Dir - straight line, f - Maggie
Aim: Maggie, wielding a +0 morningstar of flaming and wearing +1 acid dragon scales (mesmerising, chance to affect: 85%) Maggie is devoured by a tear in reality.
Lugonu claims a new guest.
You break out of your daze!
You can no longer gate yourself to the Abyss.
The gnoll bouda barks out a call to the hunt!
You are no longer corroded.
An acid dragon comes into view.
The acid dragon roars!
The acid dragon spits acid at you. The splash of acid hits you!!
You die...

............########.
#.g........# #. #.#........####
#. #.............# #.
#####........##.# #.
#..............[#.# #.
#.#######gD#.##)#.# #.
#.#..<#.#oo#.##.#.# ###. ####
###.#....@#..#.##.#.# #... ...#
#...D........#......###.#. .#.#
#............####)......## .#.#
#............#.......รท.... .#.#
#..........#.#.###########
'#'#####..........#.#.##........#
.......#..........#.#.##.######.#
.......#..........#.#.##.# #..
.....o.........####.#.##.# ###


You could see an acid dragon (catching breath).

Vanquished Creatures
  Joseph (D:7)
  Grinder (D:4)
  A yak (D:5)
  Duvessa (D:5)
  A water moccasin (D:5)
  An orc warrior (D:7)
  2 black bears
  2 sky beasts
  A centaur (D:8)
  A phantom (D:4)
  3 bullfrogs
  Blork the orc (D:5)
  4 scorpions
  Dowan (D:5)
  8 wights
  2 centaur zombies (Ossuary)
  5 hounds
  3 jellies
  Crazy Yiuf (D:5)
  5 orc priests
  A gnoll bouda (D:4)
  2 iguanas
  7 orc wizards
  6 mummies (Ossuary)
  5 gnolls
  A river rat (D:5)
  8 adders
  A shadow imp (D:4)
  An ufetubus (D:5)
  2 worms (D:2)
  A dart slug (D:1)
  32 orcs
  6 bats
  5 endoplasms
  4 giant cockroaches
  6 goblins
  7 hobgoblins
  2 jackals (D:2)
  4 quokkas
  3 ball pythons
  8 frilled lizards
  5 hobgoblin zombies (Ossuary)
  6 kobolds
  3 rats
171 creatures vanquished.

Vanquished Creatures (others)
  A withered plant (D:4)
1 creature vanquished.

Grand Total: 172 creatures vanquished

Notes
Turn   | Place    | Note
-------+----------+-------------------------------------------
     0 | Abyss:1  | Gwenloh the Hill Orc Abyssal Knight began the quest for the
                  | Orb.
     0 | Abyss:1  | Reached XP level 1. HP: 19/19 MP: 2/2
     3 | Abyss:1  | Found a corrupted altar of Lugonu.
    35 | D:1      | Escaped the Abyss
   372 | D:1      | Reached skill level 1 in Dodging
   372 | D:1      | Reached XP level 2. HP: 19/27 MP: 3/3
   903 | D:2      | Reached XP level 3. HP: 33/33 MP: 5/5
  1004 | D:2      | Reached *** piety under Lugonu
  1479 | D:2      | Reached XP level 4. HP: 38/40 MP: 4/6
  1916 | D:3      | Reached XP level 5. HP: 38/47 MP: 7/7
  2714 | D:4      | Noticed a sky beast
  2931 | D:3      | Killed a sky beast
  2931 | D:3      | Reached **** piety under Lugonu
  2932 | D:3      | Reached skill level 5 in Fighting
  2932 | D:3      | Reached XP level 6. HP: 29/56 MP: 9/9
  3129 | D:4      | Found a hide-covered altar of Uskayaw.
  3206 | D:4      | Found an ancient bone altar of Kikubaaqudgha.
  3355 | D:4      | Reached skill level 5 in Axes
  3526 | D:4      | Reached skill level 5 in Invocations
  3526 | D:4      | Found an iron altar of Okawaru.
  3613 | D:4      | Reached XP level 7. HP: 61/61 MP: 10/10
  3645 | D:5      | Entered Level 5 of the Dungeon
  3645 | D:5      | Noticed Blork the orc
  3658 | D:5      | Killed Blork the orc
  3970 | D:5      | Noticed Duvessa
  3970 | D:5      | Noticed Dowan
  3970 | D:5      | Noticed Grinder
  4039 | D:4      | Reached skill level 5 in Armour
  4432 | D:4      | Killed Grinder
  4433 | D:4      | Reached XP level 8. HP: 48/71 MP: 12/12
  5072 | D:5      | Killed Dowan
  5078 | D:5      | Killed Duvessa
  5609 | D:5      | Found a runed translucent door.
  5610 | D:5      | Noticed Crazy Yiuf
  5670 | D:5      | Found a stormy altar of Qazlal.
  5716 | D:5      | Reached XP level 9. HP: 63/79 MP: 14/14
  6120 | D:5      | Killed Crazy Yiuf
  6232 | D:6      | Found a sand-covered staircase.
  6239 | Ossuary  | Entered an ossuary
  6649 | D:6      | Found a staircase to the Ecumenical Temple.
  6660 | D:6      | Reached ***** piety under Lugonu
  7084 | D:6      | Found a white marble altar of Elyvilon.
  7237 | D:6      | Upgraded the game from 0.29-a0-775-g4d7333d4e2 to
                  | 0.29-a0-813-g4a14ea37d6
  7283 | D:7      | Found a shadowy altar of Dithmenos.
  7284 | D:7      | Found a burning altar of Makhleb.
  7780 | D:7      | Noticed Joseph
  7844 | D:7      | Killed Joseph
  7845 | D:7      | Reached XP level 10. HP: 80/91 MP: 15/17
  8124 | D:8      | Upgraded the game from 0.29-a0-813-g4a14ea37d6 to
                  | 0.29-a0-817-g9904bce7a6
  8701 | D:8      | Noticed Maggie
  8704 | D:8      | Banished Maggie
  8713 | D:8      | Killed from afar by an acid dragon

Illustrated notes

Levels and vault maps discovered:
D:1:      wander_arrival_estate, layout_basic, serial_bayou_pond_d,
          glass_columns_c
D:2:      layout_loops_cross
D:3:      layout_basic, serial_curves, eino_curves_02, eino_curves_04
D:4:      layout_basic, mainiacjoe_overflow_concentric_impassable,
          kennysheep_okawaru_gauntlet, kiku_gazebo_garden_becter
D:5:      layout_cave_pools, grunt_qazlal_clouds, portal_sewer_entry_a,
          minmay_small_thing, uniq_blork_the_orc, uniq_crazy_yiuf_cottage,
          uniq_duvessa, uniq_grinder
D:6:      layout_rooms, marbit_many_paths, minmay_temple_entry_wispy,
          enter_ossuary_1
D:7:      layout_gridville, chequers_temple_overflow_statue_of_worship,
          uniq_joseph
D:8:      layout_basic, lair_entry_dummy, uniq_pikel, uniq_maggie, uniq_grum

Skill      XL: |  1  2  3  4  5  6  7  8  9 10 |
---------------+-------------------------------+-----
Dodging        | 1 |  1.2
Axes           | 3 4 5 6 7 9 |  9.7
Invocations    | 3 4 5 6 7 9 |  9.8
Fighting       | 4 5 6 7 9 |  9.4
Armour         | 3 4 5 6 7 8 |  8.2

Action                   |  1- 3 |  4- 6 |  7- 9 | 10-12 || total
-------------------------+-------+-------+-------+-------++-------
Melee: Hand axe          |    55 |    67 |   178 |       ||   300
       Punch             |       |     1 |     2 |       ||     3
       Flail             |       |       |    30 |       ||    30
       Battleaxe         |       |       |    18 |    20 ||    38
 Fire: Sling             |    57 |    95 |   120 |    10 ||   282
       Shortbow          |       |       |       |     9 ||     9
Invok: Bend Space        |     8 |     5 |     1 |     1 ||    15
       Banish            |       |       |     1 |     2 ||     3
Evoke: Wand              |       |       |    11 |       ||    11
  Use: Scroll            |       |     5 |     4 |       ||     9
       Potion            |       |     1 |     4 |       ||     5
Armor: Leather armour    |    25 |       |       |       ||    25
       Chain mail        |     4 |    71 |    70 |       ||   145
       Ring mail         |     3 |       |    59 |    11 ||    73
Dodge: Dodged            |    40 |    36 |   109 |    26 ||   211

Table legend: (Time is in decaauts)
 A = Elapsed time spent in this place.
 B = Non-inter-level travel time spent in this place.
 C = Inter-level travel time spent in this place.
 D = Time resting spent in this place.
 E = Time spent auto-exploring this place.
 F = Levels seen in this place.
 G = Mean time per level.
                   A        B        C        D        E       F      G
               +--------+--------+--------+--------+--------+-----+--------+
         Total |   8852 |   8468 |    384 |   2051 |   4546 |  10 |  885.2 |
       Dungeon |   8447 |   8063 |    384 |   1818 |   4525 |   8 | 1055.9 |
         Abyss |     35 |     35 |      0 |      0 |      3 |   1 |   35.0 |
       Ossuary |    369 |    369 |      0 |    233 |     18 |   1 |  369.0 |
               +--------+--------+--------+--------+--------+-----+--------+

Top non-repeatable levels by time:
     D:4: 1927 daAuts
     D:5: 1472 daAuts
     D:2: 1217 daAuts
     D:7: 1068 daAuts
     D:1: 854 daAuts
     D:3: 839 daAuts
     D:6: 715 daAuts
 Ossuary: 369 daAuts
     D:8: 351 daAuts
 Abyss:1: 35 daAuts
